 Dungeon Crawl Stone Soup version 0.30-b1-2-g02819fbbbe (webtiles) character file.

Game seed: 17616174137762603517

12982 MisterFreud the Nimble (level 11, -13/54 HPs)
             Began as a Felid Berserker on June 28, 2023.
             Was a High Priest of Trog.
             Mangled by a +5 long sword (24 damage)
             ... on level 14 of the Dungeon.
             The game lasted 00:20:01 (13034 turns).

MisterFreud the Nimble (Felid Berserker)           Turns: 13034, Time: 00:20:02

Health: -13/54     AC:  3    Str: 13    XL:     11   Next: 69%
Magic:  12/12      EV: 30    Int:  8    God:    Trog [*****.]
Gold:   859        SH:  0    Dex: 21    Spells: 10/10 levels left
                                        Lives:  0   Deaths: 3

rFire   . .          .
                       - Unarmed
rCold   + + .        (shield unavailable)
rNeg    + . .        (body armour unavailable)
rPois   .            (helmet unavailable)
rElec   .            (cloak unavailable)
rCorr   .            (gloves unavailable)
SInv    +            (boots unavailable)
Will    +++..        a - amulet of the acrobat
Stlth   ++++++       e - ring of positive energy
HPRegen 1.29/turn    g - ring of protection from cold
MPRegen 0.13/turn

%: acrobat
@: strong-willed, regenerating, quick
A: very small, claws 1, fangs 3, see invisible, speed 1, shaggy fur 3, stealthy
paws, no weapons or thrown items, no armour, multi-lived
a: Renounce Religion, Berserk, Trog's Hand, Brothers in Arms


You were on level 14 of the Dungeon.
You worshipped Trog.
Trog was extremely pleased with you.
You visited 1 branch of the dungeon, and saw 15 of its levels.

You collected 901 gold pieces.
You spent 42 gold pieces at shops.

Inventory:

Jewellery
 a - an amulet of the acrobat (around neck)
 e - a ring of positive energy (left paw)
 g - a ring of protection from cold (right paw)
 p - the amulet of Elemental Vulnerability {rPois rF-- rC-- AC+8}
   (You found it on level 8 of the Dungeon)

   [amulet of nothing]

   AC:        It affects your AC (+8).
   rF:        It makes you very vulnerable to fire.
   rC:        It makes you very vulnerable to cold.
   rPois:     It protects you from poison.
 u - a ring of protection from cold
 w - a +6 ring of strength
 z - a +4 ring of protection
Wands
 c - a wand of charming (5)
 j - a wand of flame (31)
 r - a wand of iceblast (8)
 s - a wand of polymorph (3)
 A - a wand of mindburst (8)
Scrolls
 f - a scroll of poison
 q - a scroll of identify
 x - a scroll of blinking
 y - a scroll of magic mapping
 B - a scroll of torment {unknown}
 C - a scroll of teleportation
Potions
 b - a potion of flight
 d - a potion of cancellation
 h - 3 potions of berserk rage
 i - a potion of attraction {unknown}
 k - 3 potions of curing
 l - 2 potions of invisibility
 m - 2 potions of might
 n - 2 potions of resistance
 o - a potion of ambrosia
 v - a potion of magic {unknown}
Miscellaneous
 t - a lightning rod (4/4)


   Skills:
 - Level 10.0 Fighting
 + Level 14.4 Dodging
 + Level 13.3 Stealth
 * Level 13.3 Unarmed Combat
 - Level 5.0 Evocations


You had 10 spell levels left.
You didn't know any spells.
Your spell library was empty.

Dungeon Overview and Level Annotations

Branches:
Dungeon (15/15)            Temple (0/1) D:5            Lair (0/5) D:8
    Orc (0/2) D:9          Vaults (0/5) D:14
 Depths: D:15

Altars:
Ashenzari
Cheibriados
Qazlal
Sif Muna
Wu Jian
Zin

Shops:
D:2 (   D:7 *   D:9 [   D:14 [*


Innate Abilities, Weirdness & Mutations

You have sharp claws.
You have razor-sharp teeth.
You have supernaturally acute eyesight. (SInv)
You cover ground quickly. (Speed+)
Your thick and shaggy fur keeps you warm. (AC +3, rC+)
Your paws help you pounce on unaware monsters.
You are incapable of wielding weapons or throwing items.
You cannot wear armour.
You gain extra lives every three experience levels.


Message History

You claw the wraith!
You destroy the wraith!
Trog accepts your kill.
No target in view!
You start resting.
You feel yourself speed up.
HP restored.
You now have 841 gold pieces (gained 25).
Found a rapier.
Found Hayps's Armour Boutique.
C - a scroll of teleportation
Found Setweu's Assorted Antiques.
Found an escape hatch in the floor.
You now have 859 gold pieces (gained 18).
Louise the Corrupted comes into view.
She is wielding a +4 eveningstar of draining.
Found 14 gold pieces.
You see here 16 gold pieces.
You see here 16 gold pieces.
Found 19 gold pieces. 2 slime creatures come into view.
Found 15 gold pieces.
You pounce on the unaware helpless Louise!
You eviscerate Louise!!!!
You kill Louise!
Trog accepts your kill.
Trog appreciates your killing of a magic user. 2 +5 long swords and a slime creature come into view.
Found a gate to the Vaults.
You completely miss the +5 long sword.
The +5 long sword completely misses you.
The +5 long sword attacks as you move away!
The +5 long sword hits you! The +5 long sword hits you!!
* * * LOW HITPOINT WARNING * * *
Your skin crawls.
You feel strong-willed. The +5 long sword closely misses you.
The +5 long sword hits you!
* * * LOW HITPOINT WARNING * * *
You fail to use your ability.
The +5 long sword closely misses you.
Your ogre goes berserk!
The +5 long sword barely misses you. The +5 long sword hits you!!
You die...

###..##.######
#...###.#
#.#####.#.#....
............###.###
............# ...
J...#$#)..$.###.##
... ####..(..(..#
..J..∩......#(### J
.#####....#@#
#.....#..O.....
.......#####....
.......$# ##
..####..## .# #.##


You could see 2 dancing weapons and a friendly ogre (summoned, berserk).

Vanquished Creatures
  Louise (D:14)
  A centaur warrior (D:13)
  2 two-headed ogres
  A boulder beetle (D:11)
  2 tengu warriors
  A deep elf pyromancer (D:13)
  Pikel (D:7)
  4 ugly things
  A manticore (D:10)
  Joseph (D:7)
  Maggie (D:6)
  3 gargoyles
  A rime drake (D:8)
  An efreet (D:9)
  2 polar bears
  A troll (D:9)
  A hornet (D:8)
  7 slime creatures
  2 shadows
  5 wraiths
  3 vampires
  35 yaks
  11 vampire mosquitoes (D:13)
  Duvessa (D:4)
  A water moccasin (D:8)
  2 acid dragons
  3 orc warriors
  3 ice beasts
  3 sky beasts
  An ogre (D:6)
  2 wolves (D:8)
  4 phantoms
  8 centaurs
  A lemure (D:7)
  3 bullfrogs
  A kobold brigand (D:8)
  Blork the orc (D:4)
  3 scorpions
  6 gnoll sergeants
  5 wights
  Dowan (D:4)
  11 killer bees (D:9)
  5 howler monkeys
  3 electric eels
  2 orc priests
  7 hounds
  3 jellies
  2 gnoll boudas (D:9)
  2 sleepcaps
  5 iguanas
  9 orc wizards
  9 adders
  32 gnolls
  2 white imps
  An ufetubus (D:4)
  2 dart slugs
  32 orcs
  3 bats
  8 endoplasms
  2 giant cockroaches
  8 goblins
  3 hobgoblins
  4 jackals (D:9)
  2 quokkas
  7 ball pythons
  3 frilled lizards (D:1)
  13 kobolds
  3 rats
320 creatures vanquished.

Notes
Turn   | Place    | Note
-------+----------+-------------------------------------------
     0 | D:1      | MisterFreud the Felid Berserker began the quest for the
                  | Orb.
     0 | D:1      | Reached XP level 1. HP: 10/10 MP: 2/2
   106 | D:1      | Reached skill level 1 in Stealth
   113 | D:1      | Reached XP level 2. HP: 12/14 MP: 3/3
   564 | D:1      | Reached ** piety under Trog
   603 | D:1      | Reached XP level 3. HP: 17/17 MP: 4/4
   782 | D:2      | Found Sotsiw's Antique Weapon Emporium.
  1117 | D:2      | Found a faded altar of an unknown god.
  1673 | D:3      | Reached XP level 4. HP: 1/21 MP: 5/5
  2160 | D:4      | Found a glowing silver altar of Zin.
  2163 | D:4      | Found a snail-covered altar of Cheibriados.
  2321 | D:4      | Reached XP level 5. HP: 13/24 MP: 6/6
  2392 | D:4      | Reached skill level 5 in Stealth
  2490 | D:4      | Reached skill level 5 in Unarmed Combat
  2655 | D:4      | Noticed Dowan
  2657 | D:4      | Noticed Duvessa
  2673 | D:4      | Killed Duvessa
  2674 | D:4      | Gained mutation: You are covered in thick fur. (AC +2)
                  | [Felid growth]
  2674 | D:4      | Reached XP level 6. HP: 28/28 MP: 7/7
  2683 | D:4      | Killed Dowan
  2945 | D:4      | Noticed Blork the orc
  2952 | D:4      | Killed Blork the orc
  2953 | D:4      | Reached skill level 5 in Dodging
  3062 | D:5      | Entered Level 5 of the Dungeon
  3128 | D:5      | Noticed a sky beast
  3129 | D:5      | Found a staircase to the Ecumenical Temple.
  3144 | D:5      | Killed a sky beast
  3145 | D:5      | Reached skill level 6 in Dodging
  3145 | D:5      | Reached XP level 7. HP: 16/31 MP: 8/8
  3350 | D:5      | Reached skill level 7 in Dodging
  3402 | D:4      | HP: 1/46 [iguana (12)]
  3633 | D:5      | HP: 1/31 [gnoll sergeant/+1 spear of distortion (18)]
  3703 | D:5      | Reached skill level 8 in Dodging
  3822 | D:5      | Found a shimmering blue altar of Sif Muna.
  3887 | D:5      | Reached skill level 9 in Dodging
  4015 | D:5      | Reached XP level 8. HP: 16/34 MP: 9/9
  4221 | D:5      | Reached skill level 10 in Dodging
  4302 | D:5      | Reached *** piety under Trog
  4610 | D:6      | Reached skill level 1 in Evocations
  4621 | D:6      | HP: 1/36 [poisoned by a scorpion]
  4754 | D:6      | Noticed Maggie
  4775 | D:6      | Killed Maggie
  4776 | D:6      | Reached skill level 5 in Fighting
  5062 | D:6      | Reached XP level 9. HP: 41/41 MP: 10/10
  5266 | D:6      | Reached skill level 5 in Evocations
  5683 | D:7      | Found an ornate altar of the Wu Jian Council.
  5825 | D:7      | Found Jukkoff's Assorted Antiques.
  5833 | D:7      | Bought a sapphire potion for 21 gold pieces
  5833 | D:7      | Bought a lumpy white potion for 21 gold pieces
  5845 | D:7      | Noticed Joseph
  5857 | D:7      | Killed Joseph
  6187 | D:7      | Found a stormy altar of Qazlal.
  6275 | D:7      | Noticed Pikel
  6302 | D:7      | Killed Pikel
  6303 | D:7      | Reached skill level 11 in Dodging
  6490 | D:8      | Noticed a polar bear
  6497 | D:8      | Noticed a rime drake
  6498 | D:8      | Noticed a polar bear
  6499 | D:8      | Found a staircase to the Lair.
  6524 | D:8      | Paralysed by a hornet for 3 turns
  6525 | D:8      | Slain by a hornet
  6526 | D:8      | Reached XP level 8. HP: -5/38 MP: 9/9
  6536 | D:8      | Killed a hornet
  6537 | D:8      | Reached XP level 9. HP: 33/41 MP: 10/10
  6666 | D:7      | Killed a polar bear
  6877 | D:10     | Entered Level 10 of the Dungeon
  6895 | D:10     | Slain by a wraith
  6896 | D:10     | Reached XP level 8. HP: 0/38 MP: 9/9
  6898 | D:10     | Noticed a manticore
  6902 | D:10     | Killed a manticore
  6903 | D:10     | Reached skill level 12 in Dodging
  6943 | D:10     | Reached skill level 10 in Stealth
  6943 | D:10     | Reached XP level 9. HP: 21/41 MP: 10/10
  7122 | D:8      | Found the amulet of Elemental Vulnerability {rPois rF--
                  | rC-- AC+8}
  7168 | D:8      | Found a broken altar of Ashenzari.
  7209 | D:8      | Killed a rime drake
  7299 | D:8      | Killed a polar bear
  7300 | D:8      | Reached skill level 10 in Unarmed Combat
  7708 | D:9      | Found Weilioh's Antique Armour Shoppe.
  7767 | D:9      | Found a staircase to the Orcish Mines.
  7770 | D:9      | Reached **** piety under Trog
  7806 | D:9      | Noticed a troll
  7810 | D:9      | Noticed an efreet
  7815 | D:9      | Reached XP level 10. HP: 37/47 MP: 11/11
  7926 | D:9      | Noticed a two-headed ogre
  7934 | D:9      | Killed a two-headed ogre
  9179 | D:10     | Reached ***** piety under Trog
  9373 | D:10     | Reached skill level 10 in Fighting
  9839 | D:11     | Noticed a boulder beetle
  9858 | D:11     | Reached XP level 11. HP: 25/54 MP: 12/12
 10430 | D:11     | Killed a boulder beetle
 10607 | D:11     | Noticed a white ugly thing
 10618 | D:11     | Killed a white ugly thing
 11002 | D:12     | Noticed a two-headed ogre
 11008 | D:12     | Killed a two-headed ogre
 11020 | D:12     | Noticed a brown ugly thing
 11023 | D:12     | Killed a brown ugly thing
 11024 | D:12     | Reached skill level 13 in Dodging
 11723 | D:12     | Noticed a purple ugly thing
 11730 | D:12     | Killed a purple ugly thing
 11731 | D:12     | Gained mutation: Your thick and shaggy fur keeps you warm.
                  | (AC +3, rC+) [Felid growth]
 11731 | D:12     | Reached XP level 12. HP: 58/58 MP: 13/13
 12378 | D:13     | Noticed a centaur warrior
 12394 | D:13     | Killed a centaur warrior
 12401 | D:13     | Reached skill level 14 in Dodging
 12403 | D:13     | HP: 4/87 [vampire mosquito (12)]
 12404 | D:13     | Slain by a vampire mosquito
 12405 | D:13     | Reached XP level 11. HP: -4/81 MP: 12/12
 12475 | D:13     | Killed a deep elf pyromancer
 12856 | D:13     | Noticed a tengu warrior
 12860 | D:13     | Killed a tengu warrior
 12885 | D:13     | You fall into a shaft and drop 2 floors!
 12885 | D:15     | Entered Level 15 of the Dungeon
 12903 | D:15     | Noticed a tengu warrior
 12907 | D:15     | Noticed an orc sorcerer
 12910 | D:15     | Killed a tengu warrior
 13011 | D:14     | Found Hayps's Armour Boutique.
 13013 | D:14     | Found Setweu's Assorted Antiques.
 13016 | D:14     | Noticed Louise
 13023 | D:14     | Killed Louise
 13025 | D:14     | Found a gate to the Vaults.
 13025 | D:14     | Noticed a +5 long sword
 13025 | D:14     | Noticed a +5 long sword
 13034 | D:14     | Mangled by a +5 long sword

Illustrated notes

Levels and vault maps discovered:
D:1:      ebering_trefoil_3fold, layout_loops_ring
D:2:      layout_loops_ring, chequers_ecumenical_altar_island, serial_shops,
          nicolae_shop_tiny_glass
D:3:      layout_basic
D:4:      layout_loops_cross, nicolae_overflow_squiral, uniq_blork_the_orc,
          uniq_duvessa
D:5:      layout_loops_ring, led_sif_pool, temple_fountains
D:6:      layout_loops_cross, uniq_maggie
D:7:      layout_loops_corners, nicolae_qazlal_general_emergency,
          kennysheep_little_box, serial_shops, shop,
          chequers_hall_statues_corner_a, uniq_pikel, uniq_joseph
D:8:      layout_rooms, nicolae_ashenzari_skybound, hellmonk_lair_entry_icy,
          nzn_life_drinkers
D:9:      layout_cave_pools, serial_gnoll_camp, gnoll_camp_mini_basic,
          gnoll_camp_huts_moat, gnoll_camp_mini_hut, gnoll_camp_mini_shop,
          kennysheep_small_spiral
D:10:     layout_irregular_city
D:11:     layout_long_grid
D:12:     layout_basic
D:13:     layout_stronghold, minmay_misc_feat_cross
D:14:     layout_loops_ring, erik_vaults_1, serial_shops,
          nicolae_shop_pleasant_corner_grove, nicolae_shop_overgrown_old_shop,
          shop_coins, shop, shop, nicolae_shop_overcharged_wands, uniq_azrael,
          uniq_agnes, uniq_louise
D:15:     hangedman_depths_entry_civil_slaughter, layout_irregular_city,
          chequers_decorated_corner, serial_bayou, serial_bayou_lake_a,
          serial_bayou_shore_b, serial_bayou_pond_a, serial_bayou_lagoon_b,
          serial_bayou_shore_a, serial_bayou_pond_d

Skill      XL: |  1  2  3  4  5  6  7  8  9 10 11 12 |
---------------+-------------------------------------+-----
Stealth        | 1 2 3 4 6 10 9 13 | 13.3
Unarmed Combat | 4 5 6 8 10 13 | 13.3
Dodging        | 6 9 12 11 13 14 | 14.4
Fighting       | 5 7 10 | 10.0
Evocations     | 4 5 |  5.0

Action                     |  1- 3 |  4- 6 |  7- 9 | 10-12 || total
---------------------------+-------+-------+-------+-------++-------
  Melee: Unarmed           |   101 |    89 |   472 |   526 ||  1188
         Bite              |    13 |     9 |    58 |    69 ||   149
         Punch             |       |     4 |    28 |    40 ||    72
 Invoke: Berserk           |       |     4 |    15 |     9 ||    28
         Trog's Hand       |       |     1 |     4 |     4 ||     9
         Brothers in Arms  |       |       |       |     1 ||     1
  Evoke: Wand              |       |       |       |     3 ||     3
    Use: Scroll            |     8 |     4 |     8 |     2 ||    22
         Potion            |       |     1 |     3 |       ||     4
   Stab: Sleeping          |     8 |     8 |    22 |    15 ||    53
         Distracted        |       |       |       |     3 ||     3
 Armour: Skin              |     2 |     3 |    14 |    15 ||    34
  Dodge: Dodged            |    67 |    57 |   497 |   559 ||  1180
